 Dungeon Crawl Stone Soup version 0.27-a0-1060-gcb85b5eba1 (webtiles) character file.

Game seed: 9298703224665435138

88 tsouns the Insei (level 4, -2/49 HPs)
             Began as a Demonspawn Transmuter on Apr 21, 2021.
             Was a Follower of Vehumet.
             Slain by a kobold brigand
             ... wielding a +3 short sword
              (4 damage)
             ... in a sewer.
             The game lasted 00:05:00 (2988 turns).

tsouns the Insei (Demonspawn Transmuter)            Turns: 2988, Time: 00:05:00

Health: -2/49      AC: 22    Str: 10    XL:     4   Next: 29%
Magic:  6/7        EV:  2    Int: 15    God:    Vehumet [*.....]
Gold:   40         SH:  0    Dex: 14    Spells: 1/7 levels left

rFire    . . .     SeeInvis .     - Unarmed
rCold    . . .     Faith    .   (no shield)
rNeg     + + +     Spirit   .   (armour currently unavailable)
rPois    +         Reflect  .   (helmet currently unavailable)
rElec    .         Harm     .   (cloak currently unavailable)
rCorr    .         Rampage  .   (gloves currently unavailable)
Will     .....     NoTele   +   (boots currently unavailable)
Stlth    +.........             (no amulet)
HPRegen  0.16/turn              (no ring)
MPRegen  0.10/turn              (no ring)

@: tree-form
A: stationary, stasis, torment immunity, boosted hp, powered by death 1,
(sanguine armour 1)
a: Renounce Religion


You were in a sewer.
You worshipped Vehumet.
Vehumet was aware of your devotion.
You were a tree.
You visited 1 branch of the dungeon, and saw 3 of its levels.
You also visited: Sewer.

You collected 40 gold pieces.

Inventory:

Missiles
 f - 46 poisoned darts
Armour
 a - a +0 robe (melded)
 d - a +0 pair of gloves (melded)
 h - a +0 helmet (melded)
Wands
 g - a wand of flame (21)
Scrolls
 b - 2 scrolls of blinking {unknown}
 c - 2 scrolls of identify {unknown}
 e - a scroll of amnesia {unknown}
 i - a scroll of noise {unknown}
Potions
 j - a potion of lignification
 k - 2 potions of heal wounds {unknown}


   Skills:
 + Level 2.2 Fighting
 - Level 1.7 Dodging
 * Level 3.8 Unarmed Combat
 - Level 2.0 Spellcasting
 + Level 2.5 Transmutations


You had one spell level left.
You knew the following spells:

 Your Spells              Type           Power      Damage    Failure   Level
a - Beastly Appendage     Tmut           18%        N/A       8%          1
b - Wereblood             Tmut           9%         N/A       12%         2
c - Spider Form           Tmut/Pois      2%         N/A       36%         3

Your spell library contained the following spells:

 Spells                   Type           Power      Damage    Failure   Level
 Foxfire                  Conj/Fire      4%         2x1d4     22%         1
 Ice Form                 Ice/Tmut       5%         N/A       78%         4
 Hydra Form               Tmut           4%         N/A       91%         5


Dungeon Overview and Level Annotations

Branches:
Dungeon (3/15)              Sewer (1/1)

Altars:
Vehumet


Innate Abilities, Weirdness & Mutations

You are a tree.
Your roots penetrate the ground, keeping you stationary.
You cannot be teleported.
You are immune to unholy pain and torment.
Your maximum health is greatly increased.
Your equipment is partially melded.
You regenerate a little health from kills.
((When seriously injured, your bleeding wounds create armour. (AC +0)))


Message History

Your transformation is almost over.
The kobold hits you but does no damage. The kobold brigand closely misses you.
The kobold closely misses you.
The kobold brigand throws a poisoned dart.
The poisoned dart barely misses you.
You see here a +4 short sword.
You barely miss the kobold. The kobold closely misses you.
You hit the kobold but do no damage. The kobold barely misses you.
The kobold brigand hits you with a +3 short sword!
* * * LOW HITPOINT WARNING * * *
The kobold brigand completely misses you.
The kobold brigand throws a poisoned dart.
The poisoned dart misses you.
The kobold throws a stone.
The stone hits you but does no damage.
Casting: Beastly Appendage (safe; 8% risk of failure)
Confirm with . or Enter, or press ? or * to list all spells.
You extend your transformation's duration.
The kobold throws a stone.
The stone barely misses you.
Unknown command.
It was a potion of lignification.
Your horns disappear.
Your talons disappear.
Your +0 helmet unmelds from your body.
You turn into a tree.
Your +0 helmet melds into your body.
Your +0 pair of gloves melds into your body.
Your +0 robe melds into your body.
Your roots penetrate the ground.
Your blood armour dries and flakes away.
The kobold brigand hits you but does no damage.
You smack the kobold!
You kill the kobold!
Vehumet accepts your kill.
You hear a splash. x2
The kobold brigand hits you with a +3 short sword.
* * * LOW HITPOINT WARNING * * *
You hit the kobold brigand but do no damage.
The kobold brigand is moderately wounded.
The kobold brigand hits you but does no damage.
You closely miss the kobold brigand.
The kobold brigand is moderately wounded.
The kobold brigand hits you with a +3 short sword.
You die...

#≈≈≈≈≈≈≈. ≈#≈≈≈≈≈≈≈≈≈≈≈≈≈
≈≈.≈
#≈#≈≈≈≈≈≈≈≈≈≈≈≈≈≈≈≈≈≈≈≈≈
#≈≈≈≈≈≈≈≈≈≈≈≈≈≈≈≈≈≈≈≈≈≈
#≈≈≈≈≈≈≈≈≈≈≈≈≈≈...≈.≈≈ # #
#≈≈≈≈≈≈≈≈≈≈≈..≈......≈ #!.#.
#≈≈≈≈≈≈≈≈.............
#.....#)≈≈)≈.≈≈.............
#....'...K♣................
#.....#.....................
#!.#..#.............†.##....
## ## ###..###......#####..#
#### ##...######..## #####
#∩..## #####


You could see a kobold brigand.

Vanquished Creatures
  3 adders (D:2)
  2 worms (D:2)
  A bat (D:1)
  2 endoplasms (D:2)
  2 giant cockroaches (D:2)
  2 goblins
  3 hobgoblins
  11 jackals (D:2)
  A quokka (D:2)
  A ball python (D:1)
  5 frilled lizards
  9 kobolds
  14 rats
56 creatures vanquished.

Notes
Turn   | Place    | Note
-------+----------+-------------------------------------------
     0 | D:1      | tsouns the Demonspawn Transmuter began the quest for the
                  | Orb.
     0 | D:1      | Reached XP level 1. HP: 15/15 MP: 3/3
   816 | D:1      | Reached skill level 3 in Unarmed Combat
   999 | D:2      | Gained mutation: When seriously injured, your bleeding
                  | wounds create armour. (AC +0) [demonic ancestry]
   999 | D:2      | Reached XP level 2. HP: 21/21 MP: 1/5
  1389 | D:2      | Learned a level 2 spell: Wereblood
  1434 | D:2      | Reached XP level 3. HP: 15/26 MP: 6/6
  2150 | D:2      | Learned a level 3 spell: Spider Form
  2221 | D:2      | Gained mutation: You regenerate a little health from kills.
                  | [demonic ancestry]
  2221 | D:2      | Reached XP level 4. HP: 15/33 MP: 7/7
  2464 | D:2      | Found a faded altar of an unknown god.
  2480 | D:2      | Became a worshipper of Vehumet
  2480 | D:2      | Reached * piety under Vehumet
  2480 | D:2      | Offered knowledge of Foxfire by Vehumet.
  2736 | D:3      | Found a glowing drain.
  2753 | Sewer    | Entered a sewer
  2968 | Sewer    | Noticed a kobold brigand
  2986 | Sewer    | HP: 2/49 [kobold brigand/+3 short sword (3)]
  2988 | Sewer    | Slain by a kobold brigand

Illustrated notes

Levels and vault maps discovered:
D:1:      dpeg_arrival_refuge, layout_basic
D:2:      layout_basic, hellmonk_ecumenical_altar_run_dry
D:3:      layout_loops_ring, old_standard_altar, cheibrodos_sewer_entry_drain,
          hangedman_decor_clover_reticule
Sewer:    sewer_minmay_treatment

Skill      XL: |  1  2  3 |
---------------+----------+-----
Unarmed Combat | 3 |  3.8
Transmutations | 2 |  2.5
Fighting       | 2 |  2.2
Dodging        | |  1.7
Spellcasting   | |  2.0

Action                   |  1- 3 |  4- 6 || total
-------------------------+-------+-------++-------
Melee: Unarmed           |   135 |    57 ||   192
       Kick              |    26 |     6 ||    32
       Headbutt          |     8 |     5 ||    13
       Punch             |     1 |       ||     1
 Cast: Beastly Appendage |    22 |     7 ||    29
  Use: Potion            |     1 |     1 ||     2
Armor: Robe              |    31 |    14 ||    45
       Skin              |       |     2 ||     2
Dodge: Dodged            |    74 |    36 ||   110

Table legend: (Time is in decaauts)
 A = Elapsed time spent in this place.
 B = Non-inter-level travel time spent in this place.
 C = Inter-level travel time spent in this place.
 D = Time resting spent in this place.
 E = Time spent auto-exploring this place.
 F = Levels seen in this place.
 G = Mean time per level.
                   A        B        C        D        E       F      G
               +--------+--------+--------+--------+--------+-----+--------+
         Total |   2988 |   2883 |    105 |      0 |   2452 |   4 |  747.0 |
       Dungeon |   2756 |   2651 |    105 |      0 |   2284 |   3 |  918.7 |
         Sewer |    232 |    232 |      0 |      0 |    168 |   1 |  232.0 |
               +--------+--------+--------+--------+--------+-----+--------+

Top non-repeatable levels by time:
     D:2: 1749 daAuts
     D:1: 987 daAuts
   Sewer: 232 daAuts
     D:3: 19 daAuts
